 Dungeon Sprint DCSS version 0.17.1-1-g73c8601 (webtiles) character file.

8660 2bobheros the Bewitcher (level 11, -21/59 HPs)
             Began as a Spriggan Enchanter on Jan 19, 2016.
             Was an Elder of Okawaru.
             Blown up by a cacodemon (34 damage)
             ... with a bolt of energy
             ... in the Dungeon (Sprint II: "The Violet Keep of Menkaure").
             The game lasted 00:20:30 (2164 turns).

2bobheros the Bewitcher (Spriggan Enchanter)        Turns: 2164, Time: 00:20:30

Health: -21/59     AC:  3    Str:  2    XL:     11   Next: 12%
Magic:  20/20      EV: 26    Int: 19    God:    Okawaru [****..]
Gold:   416        SH:  0    Dex: 18    Spells: 7 memorised, 5 levels left

rFire  . . .     SeeInvis +     a - +1 dagger
rCold  . . .     Clarity  .     b - +1 robe
rNeg   . . .     SustAt   .     (shield restricted)
rPois  .         Gourm    .     (helmet restricted)
rElec  .         Spirit   .     (no cloak)
rCorr  .         Warding  .     (gloves unavailable)
rMut   .         NoTele   +     (boots unavailable)
MR     +....                    (no amulet)
Stlth  +++++++...               (no ring)
                                (no ring)

@: flying (expiring), slowed, repel missiles, quick, somewhat resistant to
hostile enchantments, extremely stealthy
A: unfitting armour, see invisible, herbivore 3, speed 3, low mp 1, slow
metabolism 2, weak 1
a: Heroism, Renounce Religion


You were in the Dungeon.
You worshipped Okawaru.
Okawaru was greatly pleased with you.
You were not hungry.

You visited 1 branch You collected 1420 gold pieces.
You spent 1004 gold pieces at shops.

Inventory:

Hand Weapons
 a - a +1 dagger (weapon)
Armour
 b - a +1 robe (worn)
Magical Staves
 i - an uncursed staff of conjuration
Jewellery
 w - an uncursed amulet of rage {unknown}
Scrolls
 l - 7 scrolls of remove curse
 m - a scroll of enchant weapon
 n - a scroll of identify
 u - a scroll of fear
 v - a scroll of amnesia
 x - a scroll of fog
Potions
 e - 3 potions of curing
 h - 2 potions of magic
 z - 3 potions of resistance
 B - 2 potions of flight
 C - a potion of might
Books
 c - a book of Maledictions

   Spells                             Type                      Level
   a - Corona                         Hexes                        1
   b - Ensorcelled Hibernation        Hexes/Ice                    2
   c - Confuse                        Hexes                        3
   d - Tukima's Dance                 Hexes                        3
   e - Dazzling Spray                 Conjuration/Hexes            3
 p - a book of Minor Magic

   Spells                             Type                      Level
   a - Magic Dart                     Conjuration                  1
   b - Blink                          Translocation                2
   c - Call Imp                       Summoning                    2
   d - Repel Missiles                 Charms/Air                   2
   e - Slow                           Hexes                        2
   f - Conjure Flame                  Conjuration/Fire             3
   g - Mephitic Cloud                 Conjuration/Poison/Air       3
 q - a book of Geomancy

   Spells                             Type                      Level
   a - Sandblast                      Earth                        1
   b - Stoneskin                      Transmutation/Earth          2
   c - Passwall                       Transmutation/Earth          3
   d - Stone Arrow                    Conjuration/Earth            3
   e - Petrify                        Transmutation/Earth          4
   f - Lee's Rapid Deconstruction     Earth                        5
Comestibles
 t - a royal jelly
 A - a slice of pizza


   Skills:
 + Level 7.7 Fighting
 - Level 10.4 Short Blades
 - Level 9.5 Dodging
 - Level 15.1 Stealth
 + Level 7.1 Spellcasting
 + Level 17.7 Hexes
 + Level 12.1 Earth Magic


You had 5 spell levels left.
You knew the following spells:

 Your Spells              Type           Power        Failure   Level  Hunger
a - Repel Missiles        Chrm/Air       #.....       17%         2    None
b - Confuse               Hex            ######..     1%          3    #......
c - Tukima's Dance        Hex            ######..     1%          3    #......
d - Ensorcelled Hibernat  Hex/Ice        #####.       1%          2    None
e - Lee's Rapid Deconstr  Erth           ######....   1%          5    #####..
f - Stoneskin             Trmt/Erth      ####....     1%          2    None
g - Blink                 Tloc           N/A          17%         2    None


Dungeon Overview and Level Annotations

Branches:
Dungeon (1/1)

Altars:
Cheibriados
Dithmenos
Elyvilon
Fedhas
Gozag
Kikubaaqudgha
Makhleb
Nemelex Xobeh
Okawaru
Qazlal
Ru
Sif Muna
Trog
Vehumet
Xom
Yredelemnul
Zin
The Shining One
Beogh
Jiyva
Lugonu

Shops:
D }!:[[=[[?%=!(:((

Annotations:
D exclusion: oklob plant


Innate Abilities, Weirdness & Mutations

You are tiny and cannot use many weapons and most armour.
You have supernaturally acute eyesight.
You are a herbivore.
You cover ground extremely quickly.
You need consume almost no food.
Your magical capacity is low (-10% MP).
You are weak. (Str -2)


Message History

You easily resist.
Casting: Lee's Rapid Deconstruction
Confirm with . or Enter, or press ? or * to list all spells.
Okay, then.
Drink which item? (? for menu, Esc to quit)
Magic courses through your body.
The golden dragon completely misses you.
The golden dragon claws you! The golden dragon misses you.
Casting: Lee's Rapid Deconstruction
Confirm with . or Enter, or press ? or * to list all spells.
Aiming: Lee's Rapid Deconstruction
Press: ? - help, Dir - move target cursor
Okay, then.
Really fly into a travel-excluded area?
You are engulfed in roaring flames.
* * * LOW HITPOINT WARNING * * *
The cacodemon gestures at you. The bolt of energy hits you!
Ouch! That really hurt!
You die...

####+#### ##≈§§§§≈≈##
###≈§§§§§§≈§## ▓▓ ###
)§§§§§§§§≈≈≈# +§
##...####§§§SS§§≈≈ #§
DD$....≈##§§§≈S§ #§
##########≈≈#''§#+++## #
#########!≈≈..§.@.D..# .. k#
.......∩#≈≈≈≈.##'.#..# #. k#
∩.....∩.#≈≈≈≈##.##.2.#### +.##.#
.∩..?∩.∩#≈≈≈≈#.##.......# ...##
∩.∩.∩!∩.#≈≈####...##....## #..##
.∩.∩.∩..#≈##.###'..#..#..# +..#.
..∩.∩..)e≈...D.......)...# #..#†
...⌠....2≈+.....<.'###'..####..##
........#≈#.).##.##§..#.§§.###...


You could see a golden dragon, a cacodemon and 3 lava snakes.

Vanquished Creatures
  A kraken (D)
  Kirke (D)
  A frost giant (D)
  A yaktaur captain (D)
  A skeletal warrior (D)
  2 deep trolls (D)
  A siren (D)
  A yaktaur (D)
  3 polar bears (D)
  2 boulder beetles (D)
  A wasp (D)
  4 necrophages (D)
  4 brain worms (D)
  5 crocodiles (D)
  A scorpion (D)
29 creatures vanquished.

Vanquished Creatures (others)
  A centaur warrior (D)
  A dancing weapon (D)
  Menkaure (D)
3 creatures vanquished.

Grand Total: 32 creatures vanquished

Notes
Turn   | Place    | Note
--------------------------------------------------------------
     0 | D        | 2bobheros the Spriggan Enchanter began the quest for the Orb.
     0 | D        | Reached XP level 1. HP: 9/9 MP: 5/5
     1 | D        | Noticed a brain worm
     1 | D        | Noticed a brain worm
     1 | D        | Noticed a brain worm
     1 | D        | Noticed a brain worm
    10 | D        | Killed a brain worm
    10 | D        | Reached skill level 6 in Short Blades
    10 | D        | Reached skill level 9 in Stealth
    10 | D        | Reached XP level 2. HP: 13/13 MP: 6/6
    10 | D        | Reached XP level 3. HP: 16/16 MP: 8/8
    10 | D        | Reached XP level 4. HP: 21/21 MP: 9/9
    12 | D        | Killed a brain worm
    12 | D        | Reached skill level 11 in Stealth
    12 | D        | Reached skill level 5 in Hexes
    16 | D        | Killed a brain worm
    16 | D        | Reached skill level 12 in Stealth
    16 | D        | Reached XP level 5. HP: 24/24 MP: 10/10
    20 | D        | Killed a brain worm
    20 | D        | Reached XP level 6. HP: 28/28 MP: 11/11
    33 | D        | Killed Menkaure
    64 | D        | Noticed a siren
    67 | D        | Killed a siren
    67 | D        | Reached skill level 10 in Short Blades
    67 | D        | Reached skill level 14 in Stealth
    67 | D        | Reached skill level 10 in Hexes
    67 | D        | Reached XP level 7. HP: 32/32 MP: 12/12
    71 | D        | Noticed a necrophage
    71 | D        | Noticed a necrophage
    71 | D        | Noticed a necrophage
    71 | D        | Noticed a necrophage
    74 | D        | Noticed a boulder beetle
    74 | D        | Noticed a boulder beetle
    91 | D        | Learned a level 3 spell: Confuse
    95 | D        | Learned a level 3 spell: Tukima's Dance
    98 | D        | Learned a level 2 spell: Ensorcelled Hibernation
   107 | D        | Killed a boulder beetle
   107 | D        | Reached skill level 15 in Stealth
   107 | D        | Reached skill level 5 in Spellcasting
   194 | D        | Killed a boulder beetle
   210 | D        | Killed a necrophage
   210 | D        | Reached XP level 8. HP: 33/36 MP: 5/18
   293 | D        | Killed a necrophage
   307 | D        | Killed a necrophage
   312 | D        | Killed a necrophage
   347 | D        | Noticed a lava snake
   348 | D        | Noticed a lava snake
   348 | D        | Noticed a lava snake
   349 | D        | Noticed a crocodile
   350 | D        | Found Zekioc's Antique Weapon Shoppe.
   350 | D        | Found Ybull's Weapon Emporium.
   353 | D        | Found Xepeghil's Antique Weapon Shoppe.
   353 | D        | Found Ettad's Book Emporium.
   354 | D        | Found Zeysm's Jewellery Shoppe.
   354 | D        | Found Penaeresch's Distillery.
   360 | D        | Found Ekhlom's Magic Scroll Shoppe.
   360 | D        | Found Faessel's Food Emporium.
   361 | D        | Found Hiuduuh's Armour Shoppe.
   367 | D        | Killed a crocodile
   369 | D        | Found Idayghaq's Antique Armour Shoppe.
   369 | D        | Found Jifomn's Jewellery Emporium.
   369 | D        | Noticed a black bear
   369 | D        | Noticed a black bear
   370 | D        | Noticed a black bear
   377 | D        | Noticed a scorpion
   379 | D        | Killed a scorpion
   388 | D        | Noticed a death yak
   390 | D        | Found Tezariobb's Antique Armour Emporium.
   390 | D        | Found Sorul's Armour Shoppe.
   390 | D        | Noticed an oklob plant
   391 | D        | Found Xecweantell's Distillery.
   391 | D        | Found Luiklenk's Gadget Emporium.
   391 | D        | Found Nejonn's Book Shoppe.
   404 | D        | Noticed a yak
   404 | D        | Noticed a yak
   409 | D        | Bought a potion of brilliance for 44 gold pieces
   409 | D        | Bought 2 potions of mutation for 55 gold pieces
   409 | D        | Bought a potion of flight for 33 gold pieces
   414 | D        | Bought a scroll of remove curse for 36 gold pieces
   414 | D        | Bought a scroll of identify for 24 gold pieces
   414 | D        | Bought a scroll of random uselessness for 12 gold pieces
   420 | D        | Bought a book of Minor Magic for 240 gold pieces
   420 | D        | Bought a book of Geomancy for 420 gold pieces
   426 | D        | Learned a level 5 spell: Lee's Rapid Deconstruction
   431 | D        | Learned a level 2 spell: Stoneskin
   434 | D        | Learned a level 2 spell: Blink
   441 | D        | Noticed a yak
   442 | D        | Bought a potion of poison for 14 gold pieces
   442 | D        | Bought a potion of degeneration for 14 gold pieces
   442 | D        | Bought a potion of curing for 42 gold pieces
   446 | D        | Bought a royal jelly for 22 gold pieces
   466 | D        | Found a basalt altar of Yredelemnul.
   466 | D        | Found a white marble altar of Elyvilon.
   468 | D        | Found an iron altar of Okawaru.
   468 | D        | Found a glowing golden altar of the Shining One.
   469 | D        | Found a radiant altar of Vehumet.
   469 | D        | Found a viscous altar of Jiyva.
   469 | D        | Found a deep blue altar of Sif Muna.
   470 | D        | Found a blossoming altar of Fedhas.
   470 | D        | Found a sparkling altar of Nemelex Xobeh.
   470 | D        | Found a glowing silver altar of Zin.
   471 | D        | Found a sacrificial altar of Ru.
   471 | D        | Found a bloodstained altar of Trog.
   471 | D        | Found a snail-covered altar of Cheibriados.
   472 | D        | Found a shimmering altar of Xom.
   472 | D        | Found a roughly hewn altar of Beogh.
   472 | D        | Found a burning altar of Makhleb.
   473 | D        | Found an opulent altar of Gozag.
   473 | D        | Found a shadowy altar of Dithmenos.
   474 | D        | Found an ancient bone altar of Kikubaaqudgha.
   475 | D        | Noticed a crocodile
   477 | D        | Killed a crocodile
   478 | D        | Noticed a yaktaur
   478 | D        | Noticed a wasp
   478 | D        | Noticed a polar bear
   479 | D        | Noticed a polar bear
   479 | D        | Noticed a polar bear
   480 | D        | Killed a polar bear
   481 | D        | Killed a polar bear
   483 | D        | Killed a wasp
   483 | D        | Reached XP level 9. HP: 39/39 MP: 14/19
   519 | D        | Killed a polar bear
   648 | D        | Killed a yaktaur
   654 | D        | Found a corrupted altar of Lugonu.
   654 | D        | Found a stormy altar of Qazlal.
   657 | D        | Became a worshipper of Warmaster Okawaru
   673 | D        | Noticed a crocodile
   675 | D        | Noticed a crocodile
   677 | D        | Noticed a kraken
   682 | D        | Noticed a crocodile
   683 | D        | Killed a crocodile
   686 | D        | Killed a crocodile
   688 | D        | Killed a crocodile
   734 | D        | Noticed a deep troll
   735 | D        | Noticed a deep troll
   737 | D        | Killed a deep troll
   737 | D        | Reached skill level 5 in Dodging
   737 | D        | Reached skill level 15 in Hexes
   739 | D        | Killed a deep troll
   739 | D        | Reached * piety under Okawaru
   829 | D        | Killed a kraken
   829 | D        | Reached ** piety under Okawaru
   829 | D        | Reached skill level 5 in Fighting
   829 | D        | Reached skill level 16 in Hexes
   829 | D        | Reached skill level 10 in Earth Magic
   829 | D        | Reached XP level 10. HP: 47/51 MP: 18/20
   961 | D        | Noticed a swamp drake
   962 | D        | Noticed a death drake
   976 | D        | Noticed a lava snake
   999 | D        | Bought a scroll of identify for 24 gold pieces
   999 | D        | Bought a scroll of identify for 24 gold pieces
  1009 | D        | Learned a level 2 spell: Repel Missiles
  1038 | D        | Noticed an elephant
  1038 | D        | Noticed a centaur warrior
  1038 | D        | Noticed Kirke
  1038 | D        | Noticed a yaktaur captain
  1038 | D        | Noticed a skeletal warrior
  1038 | D        | Noticed a kobold demonologist
  1049 | D        | Noticed a rust devil
  1113 | D        | Killed a centaur warrior
  1206 | D        | Killed a skeletal warrior
  1242 | D        | Noticed a flying skull
  1242 | D        | Noticed a flying skull
  1242 | D        | Noticed a flying skull
  1242 | D        | Noticed a flying skull
  1243 | D        | Noticed a flying skull
  1243 | D        | Noticed a flying skull
  1251 | D        | Noticed an electric eel
  1252 | D        | Noticed an electric eel
  1252 | D        | Noticed an electric eel
  1253 | D        | Noticed an electric eel
  1254 | D        | Noticed an electric eel
  1254 | D        | Noticed an electric eel
  1305 | D        | Killed Kirke
  1305 | D        | Reached *** piety under Okawaru
  1305 | D        | Reached skill level 17 in Hexes
  1469 | D        | Killed a yaktaur captain
  1469 | D        | Reached **** piety under Okawaru
  1469 | D        | Reached XP level 11. HP: 12/58 MP: 16/21
  1805 | D        | Noticed a golden dragon
  1806 | D        | Noticed a bone dragon
  1814 | D        | HP: 2/58 [something/bolt of fire (56)]
  2114 | D        | Noticed a frost giant
  2116 | D        | Noticed a cacodemon
  2123 | D        | Noticed a deep elf high priest
  2124 | D        | Killed a frost giant
  2148 | D        | Gained mutation: Your magical capacity is low (-10% MP). [a cacodemon]
  2155 | D        | Gained mutation: You are weak. (Str -2) [a cacodemon]
  2164 | D        | Blown up by a cacodemon

Action                   |  1- 3 |  4- 6 |  7- 9 | 10-12 || total
-------------------------+-------+-------+-------+-------++-------
Melee: Dagger            |     6 |    10 |    62 |    15 ||    93
 Cast: Ensorcelled Hiber |       |       |    13 |     3 ||    16
       Confuse           |       |       |    13 |     8 ||    21
       Lee's Rapid Decon |       |       |       |    13 ||    13
       Tukima's Dance    |       |       |       |     3 ||     3
       Repel Missiles    |       |       |       |     1 ||     1
Invok: Heroism           |       |       |       |     1 ||     1
  Use: Potion            |     1 |       |     1 |     9 ||    11
       Scroll            |       |       |       |     8 ||     8
 Stab: Sleeping          |       |     1 |    14 |       ||    15
       Confused          |       |       |    11 |     6 ||    17
  Eat: Bread ration      |       |       |       |     1 ||     1
